 Dungeon Crawl Stone Soup version 0.26.0-10-g1f06aea511 (webtiles) character file.

Game seed: 5783221814185145345

22862 EnegeticOcto the Commander (level 12, 65/118 (123) HPs)
             Began as a Deep Dwarf Fighter on Jan 14, 2021.
             Was a High Priest of Okawaru.
             Quit the game on level 2 of the Lair of Beasts.
             The game lasted 00:08:25 (8878 turns).

EnegeticOcto the Commander (Deep Dwarf Fighter)     Turns: 8878, Time: 00:08:25

HP:   65/118 (123)  AC: 21    Str: 24    XL:     12   Next: 66%
MP:   3/9           EV: 12    Int: 12    God:    Okawaru [*****.]
Gold: 984           SH: 18    Dex: 12    Spells: 11/11 levels left

rFire    . . .     SeeInvis .   a - +0 war axe (vorpal)
rCold    . . .     Faith    .   c - +0 kite shield
rNeg     . . .     Spirit   .   t - +0 plate armour
rPois    +         Reflect  .   o - +0 helmet
rElec    .         Harm     .   g - +1 cloak
rCorr    .         Rampage  .   (no gloves)
Will     ++...     Clarity  +   (no boots)
Stlth    ..........             (no amulet)
HPRegen  0.00/turn              y - ring of attention (curse)
MPRegen  0.11/turn              G - ring of poison resistance

@: heroism, finesse, non-regenerating, lightly drained
A: damage resistance, heal wounds, large bone plates 1, clarity, clever 1,
strong-willed 1, sense surroundings 2, robust 1, no regeneration
a: Heal Wounds, Renounce Religion, Heroism, Finesse


You were on level 2 of the Lair of Beasts.
You worshipped Okawaru.
Okawaru was extremely pleased with you.
You visited 3 branches of the dungeon, and saw 15 of its levels.
You also visited: Ossuary.

You collected 1120 gold pieces.
You spent 136 gold pieces at shops.

Inventory:

Hand Weapons
 a - a +0 vorpal war axe (weapon)
Armour
 b - a +0 scale mail
 c - a +0 kite shield (worn)
 g - a +1 cloak (worn)
 o - a +0 helmet (worn)
 t - a +0 plate armour (worn)
Jewellery
 y - a cursed ring of attention (left hand)
 G - a ring of poison resistance (right hand)
Wands
 m - a wand of enslavement (9)
 r - a wand of paralysis (7)
 v - a wand of disintegration (50)
 F - a wand of iceblast (7) {@v2}
 H - a wand of digging (6) {@v3}
 O - a wand of acid (7) {@v1}
Scrolls
 e - 6 scrolls of remove curse {@r2}
 h - 3 scrolls of enchant armour
 i - 4 scrolls of immolation
 j - 2 scrolls of magic mapping {@r5}
 q - 4 scrolls of noise
 s - 2 scrolls of silence
 w - a scroll of teleportation {@r3}
 A - 7 scrolls of random uselessness
 K - a scroll of blinking {@r4}
 L - a scroll of identify {@r1}
 N - a scroll of torment {unknown}
Potions
 d - 3 potions of might {@q3}
 f - 2 potions of haste {@q4}
 k - a potion of ambrosia
 l - a potion of heal wounds {@q2}
 n - 9 potions of curing {@q1}
 p - 2 potions of lignification
 u - 6 potions of degeneration
 x - a potion of attraction {unknown}
 z - 5 potions of mutation
 B - 2 potions of flight {unknown}
 C - 4 potions of brilliance {unknown}
 D - 2 potions of magic {unknown}
 E - a potion of cancellation {unknown}
 I - a potion of invisibility {unknown}
 M - a potion of berserk rage {unknown}
Miscellaneous
 J - a phantom mirror


   Skills:
 + Level 8.3(13.3) Fighting
 - Level 11.3(16.3) Axes
 + Level 9.9(14.9) Armour
 + Level 4.7(9.7) Dodging
 + Level 9.9(14.9) Shields
 * Level 13.9 Invocations


You had 11 spell levels left.
You didn't know any spells.
Your spell library was empty.

Dungeon Overview and Level Annotations

Branches:
Dungeon (12/15)            Temple (1/1) D:5            Lair (2/6) D:11
    Orc (0/2) D:9         Ossuary (visited)
  Swamp: Lair:2-4    Shoals: Lair:2-4     Snake: Lair:2-4    Spider: Lair:2-4

Altars:
Ashenzari
Cheibriados
Dithmenos
Elyvilon
Fedhas
Gozag
Hepliaklqana
Kikubaaqudgha
Makhleb
Nemelex Xobeh
Okawaru
Qazlal
Ru
Sif Muna
Trog
Uskayaw
Vehumet
Wu Jian
Xom
Yredelemnul
Zin
The Shining One

Shops:
D:11 *

Portals:
Sewer: D:3

Annotations:
D:4 2 transporters, Raspi's ghost, weakling GrDe
Lair:1 2 runed translucent doors, Cleetus's ghost, novice DDFi


Innate Abilities, Weirdness & Mutations

You are resistant to damage.
You can heal yourself by infusing magical energy.
You passively map the area around you.
You do not regenerate.
You are partially covered in large bone plates. (SH +4)
You possess an exceptional clarity of mind.
Your mind is acute. (Int +2)
You are strong-willed. (Will+)
You are robust. (+10% HP)


Message History

You barely miss Nergalle.
You hit the spectral orc warrior but do no damage.
You hit the spectral orc warrior.
You hit the spectral orc knight but do no damage.
You block the spectral orc warrior's attack.
The spectral orc warrior hits you from afar with a +0 glaive.
You feel drained.
The spectral orc knight hits you but does no damage.
The spectral orc warrior barely misses you.
The spectral orc knight barely misses you.
Nergalle points at the spectral orc warrior and mumbles some strange words.
The spectral orc warrior seems to speed up.
You slash the spectral orc knight!
You destroy the spectral orc knight!
You hit the spectral orc knight but do no damage.
You barely miss the spectral orc warrior.
You hit the spectral orc warrior but do no damage.
You hit Nergalle.
The spectral orc warrior hits you but does no damage.
The spectral orc warrior barely misses you.
You block the spectral orc warrior's attack.
You block the spectral orc knight's attack.
Nergalle hits you but does no damage.
You gain the combat prowess of a mighty hero.
You block the spectral orc warrior's attack. x2
The spectral orc warrior hits you with a +1 battleaxe of electrocution.
Nergalle barely misses you.
You block the spectral orc knight's attack.
You can now deal lightning-fast blows.
You block the spectral orc warrior's attack. x2
You block Nergalle's attack.
You slice Nergalle!!
Nergalle is moderately wounded.
You hit the spectral orc warrior.
You barely miss the spectral orc knight.
You hit the spectral orc warrior.
You barely miss the spectral orc warrior.
The spectral orc warrior hits you but does no damage.
The spectral orc knight barely misses you.
The spectral orc warrior barely misses you.
You block the spectral orc warrior's attack.
You slice Nergalle!!
Nergalle is severely wounded.
You barely miss the spectral orc warrior.
You hit the spectral orc warrior. You hit the spectral orc knight.
You hit the spectral orc warrior.
The spectral orc warrior closely misses you.
You barely miss Nergalle.
Nergalle is severely wounded.
You completely miss the spectral orc warrior.
You hit the spectral orc knight but do no damage.
You barely miss the spectral orc warrior.
You slash the spectral orc warrior! You block Nergalle's attack.
You hit Nergalle.
Nergalle is almost dead.
You barely miss the spectral orc warrior.
You hit the spectral orc knight but do no damage.
You slice the spectral orc warrior!!
You destroy the spectral orc warrior!
You slash the spectral orc warrior!
You destroy the spectral orc warrior!
You block the spectral orc warrior's attack.
The spectral orc knight hits you with a +0 war axe.
You barely miss Nergalle.
Nergalle is almost dead.
You hit the spectral orc warrior but do no damage.
You slash the spectral orc knight!
You block the spectral orc warrior's attack.
You hit Nergalle but do no damage.
Nergalle is almost dead.
You slash the spectral orc warrior!
You barely miss the spectral orc knight.
You block Nergalle's attack.
Your plate armour prevents you from hitting Nergalle.
Nergalle is almost dead.
You slash the spectral orc knight!
You destroy the spectral orc knight!
You slice the spectral orc warrior!!
You destroy the spectral orc warrior!
You closely miss Nergalle.
Nergalle is almost dead.
You hit Nergalle but do no damage.
Nergalle is almost dead.
Nergalle grimaces horribly.
You block Nergalle's attack.
You hit Nergalle.
Nergalle is almost dead.
The spectral orc warrior closely misses you.
You closely miss Nergalle.
Nergalle is almost dead.
You hit Nergalle.
You kill Nergalle!
Okawaru is honoured by your kill.
The spectral orc warrior disappears in a puff of smoke!
Your phantom mirror has recharged.
Things that are here:
a +0 dagger; a +0 robe; the orc corpse of Nergalle You see here 7 atropa-tipped darts.
Unknown command.
Are you sure you want to abandon this character and quit the game? (Confirm with "yes".)

#...###..##.....[#.....
...
##..+....###.....#.....
#...P##.. ...... ,,
##..##* , ...... ,,
##..# * #...... , *
#...## #......P,
#...(#####..,....# ,
#...#..##.##...... + ,
, ##......).@....... ,,
, #.................,
##..#.####.#.#.### * ,*
###### #####*# **


There were no monsters in sight!

Vanquished Creatures
  Snorg (D:11)
  Fannar (Lair:2)
  2 hydras
  Erica (Lair:2)
  3 death yaks (Lair:2)
  A two-headed ogre (D:12)
  Nergalle (Lair:2)
  2 unseen horrors
  2 deep elf magi
  A cyclops (D:11)
  Maurice (D:12)
  A black mamba (Lair:2)
  3 cane toads
  Maggie (D:7)
  2 komodo dragons
  An efreet (D:10)
  A troll (D:10)
  2 hornets (D:10)
  2 wraiths (D:10)
  A vampire (D:9)
  A shadow (D:9)
  A wyvern (D:11)
  16 yaks
  4 basilisks
  A two-headed ogre zombie (D:9)
  4 water moccasins
  5 ice beasts
  4 phantoms
  An orc warrior (D:7)
  2 sky beasts
  3 black bears
  A necrophage (D:9)
  An eye of draining (D:12)
  4 ogres
  12 centaurs
  6 bullfrogs
  2 big kobolds
  A wyvern zombie (D:8)
  5 scorpions
  A troll zombie (D:9)
  6 killer bees (D:9)
  3 wights (D:8)
  6 howler monkeys
  2 bullfrog zombies
  2 centaur zombies
  2 quasits (D:10)
  5 jellies
  9 orc priests
  2 bullfrog skeletons
  7 hounds
  A centaur skeleton (D:7)
  An iguana (D:10)
  13 worker ants
  12 orc wizards
  A killer bee zombie (D:10)
  A big kobold zombie (Ossuary)
  6 ogre zombies (D:9)
  2 hound zombies
  A hound skeleton (D:5)
  4 mummies (Ossuary)
  A worker ant zombie (D:10)
  Robin (D:4)
  9 adders
  4 shadow imps
  5 white imps
  2 ufetubi
  An adder zombie (D:10)
  3 adder skeletons
  A worm (D:3)
  A dart slug (D:1)
  2 leopard geckos
  36 orcs
  3 giant cockroaches
  11 goblins
  4 hobgoblins
  2 jackals (D:5)
  11 kobolds
  6 quokkas
  4 bats (D:3)
  A frilled lizard (D:1)
  3 goblin skeletons (D:9)
  4 goblin zombies
  2 hobgoblin skeletons (D:9)
  3 hobgoblin zombies
  3 orc skeletons (D:9)
  12 orc zombies (D:9)
  5 rats
331 creatures vanquished.

Vanquished Creatures (collateral kills)
  A hydra (D:11)
  A basilisk (D:11)
2 creatures vanquished.

Vanquished Creatures (others)
  5 fungi
  2 plants (D:11)
7 creatures vanquished.

Grand Total: 340 creatures vanquished

Notes
Turn   | Place    | Note
-------+----------+-------------------------------------------
     0 | D:1      | EnegeticOcto the Deep Dwarf Fighter began the quest for the
                  | Orb.
     0 | D:1      | Reached XP level 1. HP: 20/20 MP: 1/1
   117 | D:1      | Reached XP level 2. HP: 25/27 MP: 2/2
   270 | D:3      | Reached XP level 3. HP: 31/33 MP: 3/3
   378 | D:3      | Found a glowing drain.
   433 | D:4      | Found a snail-covered altar of Cheibriados.
   443 | D:4      | Reached XP level 4. HP: 42/42 MP: 3/3
   523 | D:4      | Reached XP level 5. HP: 37/49 MP: 4/4
   602 | D:4      | Found a transporter.
   603 | D:4      | Noticed Raspi's ghost (weakling GrDe)
   672 | D:4      | Found a transporter.
   820 | D:4      | Noticed Robin
   830 | D:4      | Killed Robin
  1087 | D:5      | Entered Level 5 of the Dungeon
  1102 | D:5      | Reached XP level 6. HP: 43/56 MP: 4/4
  1159 | D:5      | Reached skill level 5 in Axes
  1260 | D:5      | Found a staircase to the Ecumenical Temple.
  1291 | Temple   | Entered the Ecumenical Temple
  1324 | Temple   | Became a worshipper of Sif Muna the Loreminder
  1361 | Temple   | Fell from the grace of Sif Muna
  1361 | Temple   | Became a worshipper of Warmaster Okawaru
  1413 | D:5      | Reached XP level 7. HP: 54/64 MP: 5/5
  1486 | D:5      | Reached skill level 1 in Invocations
  1771 | D:6      | Reached skill level 5 in Armour
  1771 | D:6      | Reached skill level 5 in Shields
  1771 | D:6      | Reached skill level 2 in Invocations
  2000 | D:6      | Reached skill level 3 in Invocations
  2007 | D:6      | Reached * piety under Okawaru
  2098 | D:6      | Reached XP level 8. HP: 48/73 MP: 7/7
  2300 | D:6      | Found a sand-covered staircase.
  2391 | D:6      | Reached skill level 4 in Invocations
  2410 | Ossuary  | Entered an ossuary
  2839 | D:7      | Reached skill level 5 in Invocations
  2871 | D:7      | Noticed Maggie
  2880 | D:7      | Reached ** piety under Okawaru
  2899 | D:7      | Killed Maggie
  2900 | D:7      | Reached skill level 5 in Fighting
  2900 | D:7      | Reached skill level 6 in Invocations
  3041 | D:7      | Gained mutation: You passively map the area around you.
                  | [Deep Dwarf growth]
  3041 | D:7      | Reached XP level 9. HP: 57/81 MP: 6/6
  3179 | D:8      | Reached skill level 7 in Invocations
  3194 | D:8      | Found a basalt altar of Yredelemnul.
  3194 | D:8      | Found a sparkling altar of Nemelex Xobeh.
  3195 | D:8      | Found a burning altar of Makhleb.
  3196 | D:8      | Found a shimmering altar of Xom.
  3196 | D:8      | Found a hide-covered altar of Uskayaw.
  3196 | D:8      | Found a hazy altar of Hepliaklqana.
  3197 | D:8      | Found a radiant altar of Vehumet.
  3317 | D:8      | Reached *** piety under Okawaru
  3413 | D:8      | Found an ornate altar of the Wu Jian Council.
  3651 | D:9      | Reached skill level 8 in Invocations
  3817 | D:9      | Reached **** piety under Okawaru
  4040 | D:9      | Reached XP level 10. HP: 61/91 MP: 8/8
  4191 | D:9      | Found a staircase to the Orcish Mines.
  4216 | D:9      | Reached skill level 9 in Invocations
  4535 | D:10     | Entered Level 10 of the Dungeon
  4535 | D:10     | Found the +10 dark maul {vorpal}
  4714 | D:10     | Noticed a six-headed hydra
  4739 | D:10     | Killed a six-headed hydra
  4758 | D:10     | Identified the +7 morningstar of Cruel Justice {flame,
                  | Will+ Dex+2}
  4758 | D:10     | Noticed a deep elf mage
  4777 | D:10     | Reached ***** piety under Okawaru
  4778 | D:10     | Reached skill level 10 in Axes
  4786 | D:10     | Killed a deep elf mage
  4787 | D:10     | Reached skill level 10 in Invocations
  4859 | D:10     | Killed an unseen horror
  5017 | D:10     | Reached XP level 11. HP: 66/99 MP: 8/8
  5398 | D:10     | Paralysed by a hornet for 3 turns
  5766 | D:11     | Noticed Snorg
  5805 | D:11     | Killed Snorg
  5806 | D:11     | Reached skill level 11 in Invocations
  5831 | D:11     | Found a staircase to the Lair.
  5845 | D:11     | Noticed a four-headed hydra
  5863 | D:11     | Killed a five-headed hydra
  5874 | D:11     | Identified the cursed +3 quarterstaff "Caukhl Yxzo"
                  | {vorpal, Str+9 Int+2 Dex-2}
  6081 | D:11     | Found Xautruek's General Store.
  6084 | D:11     | Bought a potion of mutation for 136 gold pieces
  6084 | D:11     | Gained mutation: You are partially covered in large bone
                  | plates. (SH +4) [potion of mutation]
  6084 | D:11     | Gained mutation: Your body sometimes deteriorates upon
                  | taking damage. [potion of mutation]
  6084 | D:11     | Gained mutation: You possess an exceptional clarity of
                  | mind. [potion of mutation]
  6084 | D:11     | Gained mutation: You are strong-willed. (Will+) [potion of
                  | mutation]
  6085 | D:11     | Lost mutation: Your body sometimes deteriorates upon taking
                  | damage. [potion of mutation]
  6085 | D:11     | Gained mutation: Your mind is acute. (Int +2) [potion of
                  | mutation]
  6085 | D:11     | Gained mutation: You are robust. (+10% HP) [potion of
                  | mutation]
  6472 | D:12     | Killed an unseen horror
  6682 | D:12     | Noticed Maurice
  6712 | D:12     | Killed Maurice
  6752 | D:12     | Noticed a two-headed ogre
  6753 | D:12     | Found a burning altar of Makhleb.
  6763 | D:12     | Killed a two-headed ogre
  6764 | D:12     | Reached skill level 1 in Dodging
  6764 | D:12     | Reached skill level 12 in Invocations
  7095 | D:12     | Noticed a deep elf mage
  7113 | D:12     | Killed a deep elf mage
  7113 | D:12     | Reached ****** piety under Okawaru
  7322 | Lair:1   | Entered Level 1 of the Lair of Beasts
  7336 | Lair:1   | Noticed a seven-headed hydra
  7351 | Lair:1   | Killed a nine-headed hydra
  7351 | Lair:1   | Received a gift from Okawaru
  7352 | Lair:1   | Reached XP level 12. HP: 46/119 MP: 8/8
  7384 | Lair:1   | Found a large runed translucent door.
  7385 | Lair:1   | Found a large runed translucent door.
  7387 | Lair:1   | Noticed Cleetus's ghost (novice DDFi)
  7497 | Lair:1   | Was forgiven by Sif Muna
  8135 | Lair:2   | Noticed a death yak
  8135 | Lair:2   | Noticed a death yak
  8135 | Lair:2   | Noticed a death yak
  8146 | Lair:2   | Killed a death yak
  8147 | Lair:2   | Reached skill level 13 in Invocations
  8156 | Lair:2   | Killed a death yak
  8161 | Lair:2   | Killed a death yak
  8260 | Lair:2   | Received a gift from Okawaru
  8369 | Lair:2   | Noticed Erica
  8387 | Lair:2   | Killed Erica
  8625 | Lair:2   | Noticed Fannar
  8667 | Lair:2   | Killed Fannar
  8842 | Lair:2   | Noticed Nergalle
  8874 | Lair:2   | Killed Nergalle
  8878 | Lair:2   | Quit the game

Illustrated notes

Levels and vault maps discovered:
D:1:      ncdulo_smallfort, layout_loops_cross
D:2:      layout_loops_cross
D:3:      layout_basic, cheibrodos_sewer_entry_drain
D:4:      layout_gridville, lemuel_doored_altar, gammafunk_ghost_stat_death,
          minmay_misc_feat_cross, feat_on_display, uniq_robin
D:5:      layout_cave_pools, minmay_temple_entry_grid
D:6:      layout_rooms, chequers_ossuary_entry_cave
D:7:      layout_rooms, uniq_maggie
D:8:      layout_rooms, grunt_temple_overflow_open
D:9:      layout_loops_ring, zombieorc2_lemuel, eino_jars
D:10:     hangedman_cross_cluster, layout_long_grid
D:11:     layout_loops_ring, david_lair_generic, serial_shops,
          kennysheep_mini_moat, uniq_snorg
D:12:     layout_basic, basic_altar, serial_curves, eino_curves_01,
          eino_curves_02, hangedman_decor_growths, lemuel_flamethrower_2,
          uniq_maurice
Temple:   dshaligram_water_room_temple
Lair:1:   wander_river, layout_small_grid, ebering_ghost_disaster_area
Lair:2:   layout_regular_city, uniq_nergalle, uniq_erica, uniq_fannar

Skill      XL: |  1  2  3  4  5  6  7  8  9 10 11 12 |
---------------+-------------------------------------+-----
Axes           | 3 4 5 6 7 9 10 11 | 11.3
Fighting       | 3 4 5 6 7 8 |  8.3
Armour         | 4 5 6 7 8 9 |  9.9
Shields        | 4 5 6 7 8 9 |  9.9
Invocations    | 3 6 8 10 12 13 | 13.9
Dodging        | 2 4 |  4.7

Action                   |  1- 3 |  4- 6 |  7- 9 | 10-12 || total
-------------------------+-------+-------+-------+-------++-------
Melee: War axe           |    77 |   156 |   533 |   741 ||  1507
Invok: Heroism           |       |       |     3 |    13 ||    16
       Finesse           |       |       |       |     4 ||     4
 Abil: Heal Wounds       |     1 |     3 |    20 |    42 ||    66
Evoke: Wand              |       |       |       |    12 ||    12
       Phantom mirror    |       |       |       |     1 ||     1
  Use: Scroll            |       |       |       |    19 ||    19
       Potion            |       |       |       |     3 ||     3
Armor: Scale mail        |    42 |    96 |     3 |       ||   141
       Plate armour      |       |       |   388 |   486 ||   874
Dodge: Dodged            |    24 |    43 |   126 |   193 ||   386
Block: Kite shield       |    48 |    74 |   315 |   565 ||  1002
